Map: Bridgehead LE (Void)

Players

RepMeaSt (Semper) - Winner!

  • Race: Terran Terran
  • League: Master

WashedUpNub

  • Race: Protoss Protoss
  • League: Master

Event: Lycan League Weekly August #2

VOD

Have the link to the VOD?

Description

Time

  • Played on: Aug. 10, 2015, 1:08 p.m.
  • Length: 17:02

All games in this series

Show
View Real Time Build Order
Export as new Build Order

RepMeaSt Terran - Winner!

Build Orders: Reaper Expand, Bio Mine 

Get SALT Encoding   

  12  0:01  SCV  
  13  0:13  SCV  
  14  0:17  Supply Depot  
  14  0:25  SCV  
  15  0:29  Refinery  
  15  0:39  SCV  
  16  0:45  Barracks  
  16  0:51  SCV  
  17  1:03  SCV  
  18  1:15  SCV  
  19  1:31  Orbital Command  
  19  1:32  Reaper  
  20  1:47  Command Center  
  20  1:59  SCV  
  21  2:04  Factory  
  21  2:10  Barracks Reactor  
  21  2:12  Supply Depot, SCV  
  22  2:24  SCV  
  22  2:25  Refinery  
  23  2:38  SCV  
  24  2:47  Marine x2  
  24  2:48  Factory Tech Lab  
  24  2:50  SCV  
  27  2:59  Orbital Command  
  27  3:02  SCV  
  27  3:05  Marine x2  
  30  3:08  Bunker  
  30  3:11  Cyclone  
  33  3:14  SCV  
  34  3:20  Supply Depot  
  34  3:24  SCV  
  34  3:25  Marine  
  34  3:26  SCV, Marine  
  38  3:33  Supply Depot  
  38  3:37  SCV  
  38  3:40  SCV  
  40  3:43  Cyclone  
  40  3:47  Marine  
  40  3:48  Marine  
  45  3:50  SCV  
  46  3:55  SCV  
  46  4:01  Engineering Bay  
  47  4:04  SCV  
  47  4:07  SCV  
  51  4:16  SCV  
  50  4:21  SCV, Barracks  
  50  4:22  Barracks  
  51  4:25  Starport  
  51  4:26  Factory Reactor  
  51  4:29  Missile Turret, Marine  
  51  4:31  SCV  
  53  4:36  SCV  
  53  4:37  Missile Turret  
  52  4:43  SCV  
  52  4:46  Terran Infantry Weapons Level 1  
  52  4:48  Refinery  
  52  4:49  SCV  
  52  4:52  Marine  
  54  4:53  Stimpack  
  54  4:55  SCV  
  54  4:58  Supply Depot  
  55  5:01  SCV  
  55  5:07  SCV  
  55  5:13  SCV, Starport Reactor  
  57  5:19  SCV  
  58  5:22  Marine x3  
  58  5:24  Marine x2  
  63  5:34  Command Center  
  63  5:37  SCV  
  63  5:39  SCV  
  63  5:40  Supply Depot, Marine  
  63  5:41  Supply Depot  
  63  5:42  Marine  
  67  5:43  Refinery  
  67  5:46  Marine x2  
  67  5:49  SCV, Missile Turret  
  70  5:51  Factory Reactor  
  70  6:01  Medivac x2  
  70  6:02  SCV, Marine  
  70  6:03  Marine  
  77  6:04  Supply Depot  
  77  6:08  Marine  
  77  6:10  SCV  
  79  6:11  Marine  
  79  6:17  SCV  
  82  6:18  Barracks  
  82  6:19  Barracks  
  82  6:20  Marine  
  82  6:22  SCV  
  84  6:26  Marine  
  84  6:27  Supply Depot  
  84  6:29  Supply Depot, Marauder  
  84  6:30  Widow Mine  
  84  6:31  Widow Mine  
  90  6:36  Marine  
  91  6:40  SCV  
  86  6:49  Marine  
  86  6:51  Marine x2  
  86  6:53  Marine  
  86  6:54  Marine  
  76  6:55  Planetary Fortress  
  76  6:58  SCV  
  76  7:06  Widow Mine x2  
  76  7:07  Marine  
  75  7:09  Marine x2  
  75  7:10  Marine  
  75  7:12  Marine  
  77  7:19  Marine x2  
  78  7:23  SCV  
  78  7:25  SCV, Marine  
  78  7:26  Marine  
  78  7:27  Marine  
  78  7:28  Marine  
  78  7:29  Marine  
  82  7:35  SCV  
  82  7:36  Marine  
  84  7:37  SCV  
  84  7:38  SCV  
  84  7:39  Marine  
  84  7:41  Combat Shields  
  84  7:42  Terran Infantry Armor Level 1  
  84  7:43  Marine, Widow Mine x2  
  92  7:47  SCV  
  92  7:49  SCV  
  91  7:53  Medivac x2  
  91  7:55  Marine  
  91  7:56  Marine x2  
  91  7:57  SCV  
  89  8:15  Marine x7  
  89  8:16  SCV x2  
  89  8:17  SCV  
  99  8:23  Medivac x2  
  99  8:28  SCV x2  
  99  8:33  Marine x3  
  99  8:37  Marine  
  99  8:38  SCV  
  99  8:40  SCV  
  99  8:43  Command Center  
  99  8:44  Armory  
  99  8:47  Widow Mine x2  
  103  8:48  Engineering Bay  
  103  8:51  Marine  
  103  8:54  Marine  
  103  8:55  Marine x2  
  109  8:57  Barracks Reactor, Barracks Tech Lab  
  107  9:07  SCV, Marine  
  107  9:09  Marine, Medivac x2  
  114  9:10  Missile Turret  
  114  9:12  Supply Depot, Marine x3  
  114  9:14  Supply Depot, Sensor Tower  
  117  9:25  Barracks, Marine  
  117  9:26  Barracks  
  117  9:27  Barracks  
  112  9:32  Marine  
  109  9:43  Marine x7  
  116  9:45  Widow Mine  
  116  9:46  Widow Mine  
  116  9:48  Refinery  
  116  9:49  Marine  
  121  9:57  Orbital Command  
  121  9:58  Terran Infantry Weapons Level 2  
  121  9:59  Factory, Terran Infantry Armor Level 2  
  121  10:00  Marine  
  121  10:01  Terran Vehicle And Ship Armor Level 1, Marauder, Marine x5  
  121  10:03  Starport  
  129  10:07  Marine  
  130  10:18  Marine  
  130  10:19  Marauder, Marine x4  
  130  10:20  Widow Mine  
  137  10:22  Marine  
  137  10:25  Widow Mine, Marine  
  137  10:26  Medivac x2  
  144  10:30  Barracks Reactor, Barracks Tech Lab  
  144  10:33  Ghost Academy  
  140  10:36  Marine x4  
  140  10:37  Barracks Reactor  
  140  10:41  Marauder  
  140  10:42  Marine x2  
  148  10:43  Marine  
  148  10:49  Marine, Widow Mine  
  150  10:54  Marine x4, Widow Mine  
  150  10:56  Medivac  
  154  10:59  Marine  
  154  11:00  Marine  
  154  11:01  Marine x2  
  156  11:07  Marine  
  156  11:11  Marine x2  
  155  11:12  Marine x2  
  155  11:17  Marine x3  
  156  11:18  Marine  
  156  11:19  Marine  
  156  11:20  Marine  
  156  11:23  Widow Mine  
  156  11:24  Marine  
  156  11:25  Orbital Command  
  156  11:27  Marine  
  156  11:28  Marine  
  156  11:29  Marine  
  156  11:30  Marine x2, Widow Mine, Medivac  
  156  11:31  Supply Depot  
  151  11:33  Supply Depot x2  
  151  11:34  Supply Depot  
  130  11:47  Marine  
  130  11:48  Marauder, Marine x5  
  130  11:50  Medivac  
  130  11:51  Widow Mine  
  124  11:58  Marine  
  122  12:02  Marine x5  
  122  12:05  Marine  
  122  12:06  Marine x2  
  122  12:08  Factory Tech Lab  
  130  12:09  Marine  
  130  12:12  Widow Mine  
  130  12:13  Marine x3  
  136  12:16  Marine, Medivac  
  136  12:20  Medivac, Marine x5  
  136  12:22  SCV x2  
  148  12:23  SCV, Marine  
  148  12:24  Marine  
  148  12:25  Marine  
  148  12:27  Marine  
  150  12:45  Marine x7  
  150  12:46  Marauder  
  150  12:50  Terran Infantry Weapons Level 3  
  150  12:51  Terran Infantry Armor Level 3, Widow Mine x3  
  165  13:05  Drilling Claws  
  165  13:28  Marine x8  
  165  13:29  Marauder  
  165  13:33  Marine  
  165  13:34  Marine x2  
  169  13:44  Marine  
  169  13:46  Marine  
  155  13:49  Widow Mine x2  
  155  13:50  Marine x5, Medivac  
  155  13:51  Marine x4  
  155  13:52  Marauder  
  166  14:01  Marine  
  166  14:02  Marine  
  151  14:04  Marine  
  151  14:05  Orbital Command  
  148  14:15  Marine  
  146  14:21  Marine x2  
  146  14:23  SCV x2  
  148  14:30  SCV x2  
  147  14:35  SCV  
  147  14:41  Bunker, Marine  
  148  14:46  Widow Mine x2  
  148  14:47  Widow Mine  
  148  14:48  Marine, Medivac x2  
  148  14:49  Marine x5  
  148  14:51  Ghost x3  
  148  14:52  Marine x3  
  171  14:54  Starport Tech Lab  
  171  14:58  Marine  
  174  15:06  Marine x3  
  177  15:09  SCV  
  177  15:10  Command Center  
  177  15:12  Orbital Command  
  175  15:18  Marine  
  175  15:19  Marine x2  
  175  15:20  Ghost  
  178  15:33  Marine x3  
  181  15:37  Marine  
  181  15:38  Marine x5  
  187  15:45  Supply Depot  
  187  15:47  Supply Depot  
  187  15:48  Supply Depot  
  187  15:52  Marine  
  188  15:57  Missile Turret  
  188  16:07  Marauder  
  161  16:20  Marine  
  161  16:21  Marine x2  
  161  16:24  Marine  
  147  16:33  Marine x9  
  147  16:38  SCV x3, Marine x2  
  147  16:39  Marine  
  160  16:42  Marine  
Show
View Real Time Build Order
Export as new Build Order

WashedUpNub Protoss 

Build Orders: 1 Gate Expand, Oracle Opening 

Get SALT Encoding   

  12  0:00  Probe  
  13  0:13  Pylon  
  13  0:18  Probe  
  14  0:31  Probe (Chrono Boost)  
  15  0:37  Gateway  
  15  0:41  Probe (Chrono Boost)  
  16  0:48  Probe  
  17  1:00  Probe  
  18  1:12  Probe  
  19  1:18  Nexus  
  19  1:27  Cybernetics Core  
  19  1:30  Probe  
  20  1:37  Assimilator  
  20  1:39  Assimilator  
  20  1:42  Probe  
  21  1:49  Pylon  
  21  1:55  Probe  
  22  2:04  Probe  
  22  2:08  Adept (Chrono Boost)  
  25  2:12  Probe (Chrono Boost)  
  25  2:16  Warp Gate  
  26  2:24  Probe (Chrono Boost)  
  26  2:28  Adept  
  29  2:33  Probe (Chrono Boost)  
  30  2:37  Probe (Chrono Boost)  
  30  2:41  Probe  
  32  2:49  Probe (Chrono Boost)  
  33  2:52  Stargate  
  34  2:58  Probe (Chrono Boost)  
  34  3:01  Probe (Chrono Boost)  
  35  3:11  Probe (Chrono Boost)  
  37  3:13  Probe (Chrono Boost)  
  37  3:15  Forge  
  37  3:18  Probe (Chrono Boost), Pylon  
  39  3:20  Probe (Chrono Boost)  
  39  3:24  Pylon  
  39  3:31  Mothership Core, Probe  
  39  3:32  Assimilator  
  42  3:36  Oracle (Chrono Boost)  
  45  3:42  Pylon  
  45  3:43  Probe  
  46  3:50  Photon Cannon  
  46  3:52  Probe  
  46  3:54  Photon Cannon  
  46  4:01  Probe  
  47  4:03  Phoenix  
  47  4:04  Probe  
  50  4:13  Probe (Chrono Boost)  
  50  4:16  Gateway  
  52  4:19  Probe (Chrono Boost)  
  52  4:20  Gateway  
  52  4:25  Probe (Chrono Boost)  
  54  4:32  Assimilator  
  54  4:33  Probe (Chrono Boost)  
  54  4:42  Probe  
  55  4:51  Phoenix  
  57  4:57  Probe (Chrono Boost)  
  58  5:00  Protoss Ground Armor Level 1 (Chrono Boost)  
  58  5:03  Probe (Chrono Boost)  
  58  5:07  Pylon  
  58  5:14  Nexus  
  58  5:15  Pylon  
  58  5:16  Twilight Council, Probe  
  58  5:17  Probe  
  58  5:21  Adept x3  
  64  5:27  Pylon  
  66  5:30  Probe  
  66  5:31  Probe  
  68  5:36  Phoenix (Chrono Boost)  
  70  5:47  Probe  
  70  5:48  Probe  
  70  5:49  Adept x2  
  76  5:50  Adept  
  78  5:58  Phoenix  
  78  6:00  Pylon  
  78  6:03  Probe  
  78  6:04  Probe  
  82  6:11  Adept x3  
  88  6:21  Probe  
  88  6:23  Probe  
  88  6:25  Phoenix  
  92  6:34  Shield Upgrade (Chrono Boost)  
  92  6:35  Probe  
  93  6:47  Probe  
  93  6:50  Phoenix  
  93  6:51  Adept x3  
  102  6:54  Photon Cannon  
  102  6:59  Probe (Chrono Boost)  
  103  7:07  Pylon  
  105  7:09  Probe x2 (Chrono Boost)  
  105  7:11  Probe (Chrono Boost)  
  105  7:14  Gateway  
  106  7:17  Probe x3 (Chrono Boost), Gateway  
  106  7:20  Gateway  
  106  7:22  Phoenix  
  111  7:23  Protoss Ground Armor Level 2 (Chrono Boost)  
  111  7:27  Forge  
  111  7:37  Probe x2 (Chrono Boost), Adept x3  
  111  7:41  Probe (Chrono Boost)  
  116  7:47  Phoenix  
  117  7:51  Probe x3 (Chrono Boost)  
  111  7:59  Adept x3  
  111  8:00  Probe x2  
  111  8:02  Gateway  
  111  8:04  Protoss Ground Weapons Level 1 (Chrono Boost)  
  116  8:06  Gateway  
  115  8:13  Pylon  
  113  8:25  Phoenix (Chrono Boost)  
  95  8:38  Adept x3  
  95  8:39  Probe (Chrono Boost)  
  102  8:43  Phoenix  
  102  8:48  Pylon  
  105  8:49  Probe (Chrono Boost)  
  105  8:50  Robotics Facility  
  105  8:52  Nexus  
  105  8:53  Probe (Chrono Boost)  
  105  8:54  Pylon  
  106  8:56  Pylon  
  106  9:02  Adept x2  
  110  9:03  Adept x3  
  110  9:04  Probe (Chrono Boost)  
  110  9:06  Probe (Chrono Boost)  
  110  9:08  Phoenix  
  120  9:10  Pylon  
  120  9:16  Probe (Chrono Boost), Adept x3  
  127  9:23  Adept x3  
  133  9:34  Probe x2  
  134  9:42  Adept x4  
  134  9:43  Probe  
  134  9:45  Pylon  
  143  9:47  Pylon  
  143  9:48  Pylon  
  143  9:49  Photon Cannon  
  143  9:50  Phoenix (Chrono Boost)  
  143  9:51  Photon Cannon  
  145  9:52  Photon Cannon  
  145  9:54  Observer  
  146  10:03  Probe (Chrono Boost)  
  147  10:10  Assimilator  
  147  10:12  Probe (Chrono Boost), Assimilator  
  147  10:13  Probe (Chrono Boost)  
  147  10:14  Adept x6  
  151  10:15  Observer  
  162  10:23  Adept x2  
  166  10:33  Probe  
  166  10:35  Gateway  
  167  10:37  Gateway, Observer  
  167  10:40  Gateway  
  168  10:49  Adept x4  
  170  10:54  Pylon  
  167  11:03  Observer  
  160  11:06  Pylon  
  160  11:07  Pylon  
  160  11:09  Pylon  
  160  11:10  Pylon  
  160  11:15  Adept x4  
  160  11:16  Adept x4  
  160  11:27  Pylon  
  147  11:37  Phoenix (Chrono Boost)  
  135  11:41  Adept x3  
  135  11:42  Adept x5  
  109  12:02  Adept x4  
  109  12:03  Adept x4  
  123  12:09  Phoenix (Chrono Boost)  
  125  12:15  Probe  
  126  12:23  Adept x4  
  126  12:24  Adept x3  
  126  12:27  Phoenix  
  142  12:31  Nexus  
  142  12:34  Pylon  
  142  12:35  Pylon  
  142  12:39  Adept  
  142  12:40  Adept x3  
  142  12:44  Adept  
  152  13:03  Phoenix (Chrono Boost)  
  154  13:06  Adept x3  
  154  13:07  Adept x4  
  168  13:21  Phoenix (Chrono Boost)  
  168  13:26  Adept x3  
  174  13:38  Phoenix  
  164  13:47  Adept x5  
  140  14:04  Adept x3  
  140  14:05  Adept x3  
  130  14:13  Adept x4  
  124  14:27  Adept x3  
  124  14:29  Probe (Chrono Boost)  
  129  14:34  Probe (Chrono Boost)  
  129  14:35  Assimilator  
  129  14:38  Forge  
  126  14:39  Assimilator  
  126  14:40  Gateway  
  126  14:42  Probe (Chrono Boost), Pylon  
  126  14:44  Probe (Chrono Boost), Adept x3  
  126  14:45  Adept  
  135  14:48  Zealot x2  
  139  14:57  Adept x2  
  143  15:02  Adept x2  
  147  15:13  Adept x3  
  149  15:20  Adept x2  
  149  15:21  Adept  
  155  15:22  Probe (Chrono Boost)  
  156  15:32  Probe (Chrono Boost), Adept x3  
  156  15:33  Adept  
  165  15:36  Adept x3  
  171  15:47  Adept x4  
  171  15:48  Adept  
  177  16:00  Adept x4  
  139  16:24  Adept x3  
  139  16:25  Adept x4  
  113  16:33  Adept x3  
  113  16:34  Adept x2  
  121  16:45  Adept x4  
  107  16:47  Adept x2  
  107  16:48  Adept  
  99  16:55  Adept x5  

Tags
 
Add a new tag
Caveats
  • Supply blocks, unpowered buildings, or Contaminate may cause inaccurate times.
  • Supply counts are checked every 10 seconds.